 Dungeon Crawl Stone Soup version 0.27.1-4-g1640c2035a (webtiles) character file.

Game seed: 10217770938415494441

17 Yllest the Grave Robber (level 2, -1/15 HPs)
             Began as a Deep Elf Necromancer on Nov 16, 2021.
             Frozen to death by an endoplasm (5 damage)
             ... on level 1 of the Dungeon.
             The game lasted 00:02:07 (522 turns).

Yllest the Grave Robber (Deep Elf Necromancer)       Turns: 522, Time: 00:02:10

Health: -1/15      AC:  2    Str:  5    XL:     2   Next: 44%
Magic:  0/8        EV: 12    Int: 19    God:
Gold:   19         SH:  0    Dex: 15    Spells: 7/8 levels left

rFire    . . .     SeeInvis .   (no weapon)
rCold    . . .     Faith    .   (no shield)
rNeg     . . .     Spirit   .   a - +0 robe
rPois    .         Reflect  .   (no helmet)
rElec    .         Harm     .   (no cloak)
rCorr    .         Rampage  .   (no gloves)
Will     .....                  (no boots)
Stlth    ++........             (no amulet)
HPRegen  0.05/turn              (no ring)
MPRegen  0.11/turn              (no ring)

@: no status effects
A: no striking features
a: no special abilities


You were on level 1 of the Dungeon.
You visited 1 branch of the dungeon, and saw 2 of its levels.

You collected 19 gold pieces.

Inventory:

Hand Weapons
 b - a +0 whip
Armour
 a - a +0 robe (worn)
Scrolls
 e - a scroll of identify {unknown}
Potions
 c - a potion of haste {unknown}
 d - a potion of heal wounds {unknown}


   Skills:
 + Level 2.5 Dodging
 + Level 2.4 Stealth
 + Level 3.5 Spellcasting
 * Level 5.3 Necromancy


You had 7 spell levels left.
You knew the following spells:

 Your Spells              Type           Power      Damage    Failure   Level
a - Pain                  Necr           92%        1d8       1%          1

Your spell library contained the following spells:

 Spells                   Type           Power      Damage    Failure   Level
 Animate Skeleton         Necr           46%        N/A       1%          1
 Vampiric Draining        Necr           11%        2d7       4%          3
 Animate Dead             Necr           11%        N/A       16%         4
 Agony                    Necr           23%        N/A       41%         5


Dungeon Overview and Level Annotations

Branches:
Dungeon (2/15)

Altars:


Message History

Press: ? - help, Q - select action Shift-Dir - straight line, f/p - endoplasm
Aim: an endoplasm (almost dead, chance to affect: 92%)
The endoplasm writhes in agony.
You kill the endoplasm!
Aiming: Pain (safe; 1% risk of failure)
Press: ? - help, Q - select action Shift-Dir - straight line, f - goblin
Aim: a goblin, wielding a +0 dagger (chance to affect: 92%)
The goblin writhes in agony.
You kill the goblin!
Aiming: Pain (safe; 1% risk of failure)
Press: ? - help, Q - select action Shift-Dir - straight line, f - rat
Aim: a rat (chance to affect: 92%)
The rat writhes in agony.
You kill the rat!
A ball python comes into view.
Aiming: Pain (safe; 1% risk of failure)
Press: ? - help, Q - select action Shift-Dir - straight line, f - ball python
Aim: a ball python (chance to affect: 92%)
The ball python barely resists.
The ball python barely misses you. The ball python misses you.
Aiming: Pain (safe; 1% risk of failure)
Press: ? - help, Q - select action Shift-Dir - straight line, f/p - ball python
Aim: a ball python (chance to affect: 92%)
The ball python writhes in agony!
You kill the ball python!
The endoplasm hits you.
Aiming: Pain (safe; 1% risk of failure)
Press: ? - help, Q - select action Shift-Dir - straight line, f - goblin
Aim: a goblin, wielding a +1 dagger of electrocution (chance to affect: 92%)
The goblin writhes in agony.
You kill the goblin!
The endoplasm freezes you.
You are frozen.
Aiming: Pain (safe; 1% risk of failure)
Press: ? - help, Q - select action Shift-Dir - straight line, f - endoplasm
Aim: an endoplasm (chance to affect: 92%)
The endoplasm writhes in agony.
The endoplasm freezes you.
You are frozen.
You die...

..# ...##.....#
..#######..###.....#
..##...............#
.###.#####.###.....#
....(## ##..###
...........# #..#
#######..... #..#
...†... #### #..#
....... #)@# .......
.....)J.# .......
....)...# .......
........# .......
........# .......
.......## .......
....... .......
....... ...


You could see an endoplasm.

Vanquished Creatures
  An endoplasm (D:1)
  A giant cockroach (D:2)
  5 goblins (D:1)
  2 hobgoblins
  A kobold (D:1)
  A quokka (D:1)
  A ball python (D:1)
  A bat (D:1)
  3 rats (D:1)
  A toadstool (D:1)
17 creatures vanquished.

Vanquished Creatures (others)
  A plant (D:2)
  3 toadstools (D:1)
4 creatures vanquished.

Grand Total: 21 creatures vanquished

Notes
Turn   | Place    | Note
-------+----------+-------------------------------------------
     0 | D:1      | Yllest the Deep Elf Necromancer began the quest for the
                  | Orb.
     0 | D:1      | Reached XP level 1. HP: 10/10 MP: 6/6
   108 | D:1      | Reached skill level 5 in Necromancy
   271 | D:1      | Reached XP level 2. HP: 12/15 MP: 5/8
   369 | D:1      | You fall into a shaft and drop 1 floor!
   522 | D:1      | Frozen to death by an endoplasm

Illustrated notes

Levels and vault maps discovered:
D:1:      ldierk_water_garden, layout_rooms, dreamdust_ecumenical_altar_grove,
          hangedman_abyss_or_decor_stabs
D:2:      layout_loops_cross, serial_bayou, serial_bayou_lake_a,
          serial_bayou_crossing, serial_bayou_pond_e, serial_bayou_lagoon_b,
          chequers_jeans

Skill      XL: |  1 |
---------------+----+-----
Necromancy     | 5 |  5.3
Dodging        | |  2.5
Stealth        | |  2.4
Spellcasting   | |  3.5

Action                   || total
-------------------------++-------
Melee: Unarmed           ||     3
 Cast: Pain              ||    25
Armor: Robe              ||     1
Dodge: Dodged            ||     3
